 Dungeon Crawl Stone Soup version 0.29.0-15-g675c0067aa (webtiles) character file.

Game seed: 5260203587413246829

12 qw the Sneak (level 2, -8/19 HPs)
             Began as a Gargoyle Delver on Sept 11, 2022.
             Mangled by Menkaure (22 damage)
             ... on level 4 of the Dungeon.
             The game lasted 00:00:05 (422 turns).

qw the Sneak (Gargoyle Delver)                       Turns: 422, Time: 00:00:06

Health: -8/19      AC:  5    Str: 15    XL:     2   Next: 33%
Magic:  2/2        EV: 11    Int: 10    God:
Gold:   14         SH:  0    Dex: 11    Spells: 1/1 levels left

rFire   . . .      SeeInvis .   a - +0 hand axe
rCold   . . .      Faith    .   (no shield)
rNeg    + . .      Spirit   .   b - +0 leather armour
rPois   inf        Reflect  .   (no helmet)
rElec   +          Harm     .   (no cloak)
rCorr   .          Rampage  .   (no gloves)
Will    .....                   (no boots)
Stlth   +++.......              (no amulet)
HPRegen 0.06/turn               (no ring)
MPRegen 0.08/turn               (no ring)

@: no status effects
A: sickness immunity, AC +2, negative energy resistance 1, electricity
resistance, torment resistance 1, petrification resistance
a: no special abilities


You were on level 4 of the Dungeon.
You visited 1 branch of the dungeon, and saw 2 of its levels.

You collected 14 gold pieces.


Innate Abilities, Weirdness & Mutations

You are immune to sickness and miasma.
Your stone body is resilient. (AC +2)
You are immune to poison.
You resist negative energy. (rN+)
You are resistant to electric shocks. (rElec)
You are resistant to unholy torment.
You are immune to petrification.


   Skills:
 - Level 3.2 Fighting
 + Level 2.6 Axes
 - Level 1.5 Dodging
 - Level 5.4 Stealth


You had one spell level left.
You didn't know any spells.
Your spell library was empty.

Inventory:

Hand Weapons
 a - a +0 hand axe (weapon)
Armour
 b - a +0 leather armour (worn)
Wands
 g - a wand of digging (3)
Potions
 f - a potion of haste

Dungeon Overview and Level Annotations

Branches:
Dungeon (5/15)
 Temple: D:4-7

Altars:

Annotations:
D:4 Menkaure


Message History

You closely miss the adder.
The adder is heavily wounded.
The adder bites you but does no damage. The adder barely misses you.
You closely miss the adder.
The adder is heavily wounded.
The adder barely misses you.
You barely miss the adder.
The adder is heavily wounded.
The adder bites you but does no damage. The adder bites you.
You completely miss the adder.
The adder is heavily wounded.
The adder barely misses you.
You closely miss the adder.
The adder is heavily wounded.
The adder bites you. x2
You hit the adder.
You kill the adder!
You have reached level 2!
You start resting.
HP restored.
A goblin comes into view. It is wielding a +0 hand axe.
Things that are here:
a +0 hand axe; an orc skeleton The goblin shouts!
You hit the goblin.
You kill the goblin!
Menkaure and a hound come into view.
Menkaure shouts!
The hound barks!
Enter note: Menkaure barely misses you.
You hit Menkaure.
Menkaure is lightly damaged.
Menkaure hits you.
You barely miss Menkaure.
Menkaure is lightly damaged.
You hit the hound but do no damage. The hound closely misses you.
The hound bites you but does no damage. Menkaure hits you!!
Ouch! That really hurt!
You die...

### #^# ### ####.## ##
#.######.....# #.#
#............##..#####
##...#########.@M......
##...## #.h###...##
......# #...# ##
.)###..# #....# )##
#..# #.....# ##
#.......... .#
.......... .# #........
..# #.


You could see Menkaure and a hound.

Vanquished Creatures
  An adder (D:4)
  An orc (D:4)
  A goblin (D:4)
3 creatures vanquished.

Notes
Turn   | Place    | Note
-------+----------+-------------------------------------------
     0 | D:5      | qw the Gargoyle Delver began the quest for the Orb.
     0 | D:5      | Reached XP level 1. HP: 14/14 MP: 1/1
     0 | D:5      | 0 ||| qw: Version: 0.1-a-117-gfe26ee0
     0 | D:5      | 0 ||| qw: Game counter: 9970
     0 | D:5      | 0 ||| qw: Always use a shield: true
     0 | D:5      | 0 ||| qw: God list: Okawaru
     0 | D:5      | 0 ||| qw: Allow faded altars: false
     0 | D:5      | 0 ||| qw: Do Orc after D:15 true
     0 | D:5      | 0 ||| qw: Do second Lair branch before Depths: true
     0 | D:5      | 0 ||| qw: Lair rune preference: random
     0 | D:5      | 0 ||| qw: Plans: Normal
     0 | D:5      | 0 ||| PLANNING D:1-11
    43 | D:5      | 43 ||| DROPPING scroll of fog.
    44 | D:5      | 44 ||| DROPPING scroll of magic mapping.
    45 | D:5      | 45 ||| DROPPING scroll of fear.
    50 | D:5      | Noticed a scorpion
    51 | D:5      | 51 ||| FLEEEEING.
    52 | D:5      | 52 ||| STAIRDANCE
    98 | D:4      | 98 ||| Stepping ~*~*~tactically~*~*~ (stealth).
    99 | D:4      | 99 ||| Stepping ~*~*~tactically~*~*~ (stealth).
   100 | D:4      | 100 ||| Stepping ~*~*~tactically~*~*~ (stealth).
   152 | D:4      | HP: 3/14 [adder (1)]
   154 | D:4      | Reached XP level 2. HP: 4/19 MP: 2/2
   419 | D:4      | Noticed Menkaure
   422 | D:4      | Mangled by Menkaure

Levels and vault maps discovered:
D:4:      layout_layer_cave, uniq_menkaure, uniq_edmund
D:5:      layout_loops_corners, nicolae_overflow_hallway_of_the_gods

Skill      XL: |  1 |
---------------+----+-----
Axes           | 2 |  2.6
Fighting       | |  3.2
Dodging        | |  1.5
Stealth        | |  5.4

Action                   || total
-------------------------++-------
Melee: Hand axe          ||    16
 Stab: Distracted        ||     1
Armor: Leather armour    ||     7
Dodge: Dodged            ||     5

Table legend:
 A = Non-vault XP
 B = Vault XP
 C = Vault XP percentage of total XP
 D = Non-vault monster count
 E = Vault monster count
 F = Vault count percentage of total count
                 A         B        C        D         E       F
            +---------+---------+-------+---------+---------+-------
      Total |      18 |       0 |   0.0 |       3 |       0 |   0.0
            +---------+---------+-------+---------+---------+-------
        D:4 |      18 |       0 |   0.0 |       3 |       0 |   0.0
            +---------+---------+-------+---------+---------+-------
